 Dungeon Crawl Stone Soup version 0.31.0-9-g3a7656b989 (webtiles) character file.

Game seed: 17819407072421014420

90 qw the Shooter (level 4, -3/22 HPs)
             Began as a Spriggan Hunter on Feb 2, 2024.
             Incinerated by a bombardier beetle (4 damage)
             ... with a burning spray
             ... on level 3 of the Dungeon.
             The game lasted 00:00:04 (1136 turns).

qw the Shooter (Spriggan Hunter)                    Turns: 1136, Time: 00:00:05

Health: -3/22      AC:  2    Str:  7    XL:     4   Next: 32%
Magic:  0/5        EV: 21    Int: 10    God:
Gold:   47         SH:  0    Dex: 26    Spells: 3/3 levels left

rFire   . . .        a - +0 shortbow
rCold   . . .        (shield currently unavailable)
rNeg    . . .        c - +0 robe
rPois   +            (helmet restricted)
rElec   .            (no cloak)
rCorr   .            (gloves unavailable)
SInv    +            (boots unavailable)
Will    .....        d - amulet of guardian spirit
Stlth   +            g - +6 ring of dexterity
HPRegen 0.23/turn    h - ring of poison resistance
MPRegen 0.09/turn

%: guardian spirit
@: on fire, glowing, very quick
A: very small, no large weapons, unfitting armour, see invisible, speed 3
a: no special abilities


You were on level 3 of the Dungeon.
You visited 1 branch of the dungeon, and saw 3 of its levels.

You collected 47 gold pieces.


Innate Abilities, Weirdness & Mutations

You are very small and have problems with some larger weapons.
You are too small for most types of armour.
You have supernaturally acute eyesight. (SInv)
You cover ground extremely quickly. (Speed+++)


   Skills:
 - Level 1.5 Fighting
 - Level 5.0 Ranged Weapons
 + Level 4.8 Dodging
 - Level 1.5 Stealth


You had 3 spell levels left.
You didn't know any spells.
Your spell library was empty.

Inventory:

Hand Weapons
 a - a +0 shortbow (weapon)
Armour
 c - a +0 robe (worn)
Jewellery
 d - an amulet of guardian spirit (around neck)
 g - a +6 ring of dexterity (left hand)
 h - a ring of poison resistance (right hand)
Potions
 b - a potion of haste
 e - a potion of might

Dungeon Overview and Level Annotations

Branches:
Dungeon (3/15)

Altars:


Message History

You start resting.
HP restored.
Done exploring.
1092 ||| DROPPING potion of lignification.
You drop a potion of lignification.
Done exploring.
What level of the Dungeon? (default 2, ? - help)
There is a stone staircase leading down here.
You climb downwards.
There is a stone staircase leading up here.
Waypoint 2 assigned to D:3.
A frilled lizard comes into view.
You shoot an arrow. The arrow hits the frilled lizard.
You kill the frilled lizard!
A bombardier beetle comes into view.
You shoot an arrow. The arrow hits the bombardier beetle.
The bombardier beetle is moderately wounded.
You shoot an arrow. The arrow hits the bombardier beetle.
The bombardier beetle is severely wounded.
You shoot an arrow. The arrow hits the bombardier beetle.
The bombardier beetle is almost dead.
The bombardier beetle sprays incendiary fluid at you.
The burning spray hits you.
You are covered in liquid fire!
You shoot an arrow.
The arrow completely misses the bombardier beetle.
The liquid fire burns you!
You shoot an arrow. The arrow hits the bombardier beetle!
You kill the bombardier beetle!
The liquid fire burns you!
You have reached level 4!
You are on fire!
The liquid fire burns you!
You are on fire!
The liquid fire burns you!
You are on fire!
The liquid fire burns you!
You are on fire!
The liquid fire burns you!
You die...

#.......#
#.......#
#.......#
#.......###
#..........
#..........
###.......#
#....@....#
#.###..##.%..
#..# # #..#
#<.# #..#
#..# #..#
#..#


There were no monsters in sight!

Vanquished Creatures
  A bombardier beetle (D:3)
  An adder (D:2)
  2 dart slugs (D:2)
  A ribbon worm (D:2)
  4 endoplasms
  3 giant cockroaches
  4 goblins (D:1)
  A hobgoblin (D:1)
  3 jackals (D:2)
  3 quokkas (D:1)
  5 ball pythons
  5 bats
  3 frilled lizards
  5 kobolds
  3 rats
44 creatures vanquished.

Notes
Turn   | Place    | Note
-------+----------+-------------------------------------------
     0 | D:1      | qw the Spriggan Hunter began the quest for the Orb.
     0 | D:1      | Reached XP level 1. HP: 10/10 MP: 2/2
     0 | D:1      | 0 ||| qw: Version: 0.3-a-155-g5e7d8dd
     0 | D:1      | 0 ||| qw: Game counter: 2130
     0 | D:1      | 0 ||| qw: Melee chars always use a shield: true
     0 | D:1      | 0 ||| qw: God list: Okawaru
     0 | D:1      | 0 ||| qw: Allow faded altars: false
     0 | D:1      | 0 ||| qw: Do Orc after clearing Dungeon:15 true
     0 | D:1      | 0 ||| qw: Do second Lair branch before Depths: true
     0 | D:1      | 0 ||| qw: Lair rune preference: random
     0 | D:1      | 0 ||| qw: Goals: Normal
     0 | D:1      | 0 ||| PLANNING D:1-11
    86 | D:1      | Reached skill level 3 in Dodging
   365 | D:1      | Reached XP level 2. HP: 14/14 MP: 3/3
   627 | D:1      | 627 ||| DROPPING ring of magical power.
   628 | D:1      | 628 ||| READING scroll labelled POITOO DUKHY.
   629 | D:1      | 629 ||| READING scroll labelled HOHUT VAZXUFFU.
   629 | D:1      | 629 ||| IDENTIFYING fizzy red potion
   630 | D:1      | 630 ||| DROPPING scroll of butterflies.
   638 | D:2      | Reached XP level 3. HP: 18/18 MP: 4/4
   795 | D:2      | 795 ||| FLEEEEING.
   825 | D:2      | Reached skill level 5 in Ranged Weapons
  1059 | D:2      | 1059 ||| UPGRADING to amulet of guardian spirit.
  1064 | D:2      | 1064 ||| UPGRADING to +6 ring of dexterity.
  1065 | D:2      | 1065 ||| UPGRADING to ring of poison resistance.
  1066 | D:2      | 1066 ||| READING 2 scrolls of identify.
  1066 | D:2      | 1066 ||| IDENTIFYING golden potion
  1067 | D:2      | 1067 ||| READING scroll of identify.
  1067 | D:2      | 1067 ||| IDENTIFYING silvery potion
  1068 | D:2      | 1068 ||| READING scroll labelled NEPREU MOAPHA.
  1092 | D:2      | 1092 ||| DROPPING potion of lignification.
  1133 | D:3      | Reached XP level 4. HP: 12/22 MP: 2/5
  1135 | D:3      | HP: 1/22 [burnt (5)]
  1136 | D:3      | Incinerated by a bombardier beetle

Levels and vault maps discovered:
D:1:      evilmike_arrival_hilbert_curve, layout_basic
D:2:      layout_rooms, minmay_crystal_room
D:3:      layout_loops_ring, grunt_qazlal_sundering,
          nicolae_wu_jian_wuxing_cycle, hangedman_decor_growths, uniq_grinder

Skill      XL: |  1  2  3 |
---------------+----------+-----
Dodging        | 3 4 |  4.8
Ranged Weapons | 5 |  5.0
Fighting       | |  1.5
Stealth        | |  1.5

Action                     |  1- 3 |  4- 6 || total
---------------------------+-------+-------++-------
   Fire: Shortbow          |   116 |       ||   116
    Use: Scroll            |     5 |       ||     5
 Armour: Robe              |    11 |       ||    11
  Dodge: Dodged            |    44 |       ||    44

Table legend:
 A = Non-vault XP
 B = Vault XP
 C = Vault XP percentage of total XP
 D = Non-vault monster count
 E = Vault monster count
 F = Vault count percentage of total count
                 A         B        C        D         E       F
            +---------+---------+-------+---------+---------+-------
      Total |     129 |       0 |   0.0 |      44 |       0 |   0.0
            +---------+---------+-------+---------+---------+-------
        D:1 |      40 |       0 |   0.0 |      25 |       0 |   0.0
        D:2 |      46 |       0 |   0.0 |      17 |       0 |   0.0
        D:3 |      43 |       0 |   0.0 |       2 |       0 |   0.0
            +---------+---------+-------+---------+---------+-------
